 Dungeon Crawl Stone Soup version 0.20.1-1-g8b1a95d (webtiles) character file.

129 Gargoyl the Skirmisher (level 4, -3/41 HPs)
             Began as a Minotaur Abyssal Knight on Sept 15, 2017.
             Was a Believer of Lugonu.
             Slain by Sigmund
             ... wielding a +0 scythe
              (12 damage)
             ... on level 3 of the Dungeon.
             The game lasted 00:03:01 (2119 turns).

Gargoyl the Skirmisher (Minotaur Abyssal Knight)    Turns: 2119, Time: 00:03:02

Health: -3/41      AC:  6    Str: 17    XL:     4   Next: 88%
Magic:  5/5        EV: 10    Int:  9    God:    Lugonu [**....]
Gold:   190        SH:  0    Dex: 10    Spells: 3/3 levels left

rFire    . . .     SeeInvis .   a - +2 hand axe
rCold    . . .     Gourm    .   (no shield)
rNeg     + . .     Faith    .   f - +0 scale mail
rPois    .         Spirit   .   (helmet restricted)
rElec    +         Reflect  .   d - scarf "Wigai" {rElec rN+ Stlth-}
rCorr    .         Harm     .   (no gloves)
MR       .....                  (no boots)
Stlth    ..........             (no amulet)
Regen    0.2/turn               (no ring)
MPRegen  0.1/turn               (no ring)

@: no status effects
A: retaliatory headbutt, horns 2
a: Depart the Abyss, Bend Space, Renounce Religion


You were on level 3 of the Dungeon.
You worshipped Lugonu.
Lugonu was pleased with you.
You were not hungry.

You visited 1 branch of the dungeon, and saw 3 of its levels.
You visited the Abyss 1 time.

You collected 190 gold pieces.

Inventory:

Hand Weapons
 a - a +2 hand axe (weapon)
Missiles
 r - 3 tomahawks (quivered)
Armour
 d - the scarf "Wigai" (worn) {rElec rN+ Stlth-}
   (You acquired it on level 2 of the Abyss)

   It insulates you from electricity.
   It protects you from negative energy.
   It makes you less stealthy.
 f - a +0 scale mail (worn)
Wands
 o - a wand of polymorph (14/24)
Scrolls
 h - 2 scrolls of magic mapping
 l - a scroll of remove curse
 m - a scroll of amnesia
 s - a scroll of enchant armour {unknown}
 t - a scroll of enchant weapon
 v - a scroll of identify {unknown}
Potions
 b - 3 potions of heal wounds {unknown}
 e - 4 potions of brilliance {unknown}
 g - a potion of might {unknown}
 i - 2 potions of degeneration {unknown}
 j - 3 potions of lignification {unknown}
 k - a potion of haste {unknown}
 n - a potion of mutation {unknown}
 q - 2 potions of curing {unknown}
 w - a potion of flight {unknown}
Comestibles
 c - 2 bread rations
 p - 3 chunks of flesh
 u - a meat ration


   Skills:
 + Level 4.7 Fighting
 + Level 3.4 Axes
 * Level 3.6 Armour
 + Level 1.5 Dodging
 * Level 2.7 Invocations


You had 3 spell levels left.
You didn't know any spells.

Dungeon Overview and Level Annotations

Branches:
Dungeon (3/15)

Altars:
Makhleb
Ru

Annotations:
D:3 Sigmund


Innate Abilities, Weirdness & Mutations

You reflexively headbutt those who attack you in melee.
You have a pair of horns on your head.


Message History

w - a blue potion Sigmund the Dreaded comes into view.
He is wielding a scythe.
Sigmund gestures at you while chanting. The puff of flame hits you!
Sigmund is nearby!
Sigmund casts a spell.
Sigmund flickers and vanishes!
Deactivating autopickup; reactivate with Ctrl-A.
Something hits you.
You closely miss something. Your headbutt misses something. Something hits you.
You barely miss something. You headbutt something!
Something hits you but does no damage.
You closely miss something. You hit something. Your headbutt misses something.
Something hits you!
You hit something but do no damage. You headbutt something! Something hits you.
* * * LOW HITPOINT WARNING * * *
Some of the chunks of flesh in your inventory have rotted away.
You completely miss something. Your headbutt misses something.
Something hits you!
You die...

#..#.....#### #.#.....)..##
#..#........# #.#..........
#..########.# #.#.#########
#..# #.# #.#.#<.......
#..########.###.#.#########
#......>...........,.......
#...........###.###*#######
*######.#######...,,,,,,,,,
#...@{......,,,,,,,..
############******### #####
#...# ##...#######
#..........# #..........#
#..........#


There were no monsters in sight!

Vanquished Creatures
  Jessica (D:2)
  An orc wizard (D:3)
  2 adders
  3 oozes
  2 orcs (D:3)
  4 giant cockroaches
  6 hobgoblins
  9 kobolds
  A quokka (D:2)
  2 ball pythons (D:1)
  4 bats
  3 frilled lizards
  6 goblins (D:1)
  5 rats
49 creatures vanquished.

Notes
Turn   | Place    | Note
-------+----------+-------------------------------------------
     0 | Abyss:1  | Gargoyl the Minotaur Abyssal Knight began the quest for the Orb.
     0 | Abyss:1  | Reached XP level 1. HP: 19/19 MP: 1/1
    37 | Abyss:2  | Identified a scroll of acquirement
    38 | Abyss:2  | Got a brightly glowing scarf
    44 | Abyss:2  | Identified the scarf "Wigai" {rElec rN+ Stlth-} (You acquired it on level 2 of the Abyss)
    77 | Abyss:2  | Noticed a flying skull
    79 | Abyss:2  | Noticed a flying skull
    79 | D:1      | Escaped the Abyss
   266 | D:1      | Reached skill level 4 in Fighting
   266 | D:1      | Reached XP level 2. HP: 21/27 MP: 2/2
   270 | D:1      | Reached * piety under Lugonu
   970 | D:2      | Reached XP level 3. HP: 33/33 MP: 3/3
   974 | D:2      | Found a faded altar of an unknown god.
  1014 | D:2      | Noticed Jessica
  1030 | D:2      | Killed Jessica
  1233 | D:2      | Reached XP level 4. HP: 41/41 MP: 4/4
  1757 | D:3      | Found a burning altar of Makhleb.
  1898 | D:3      | Found a sacrificial altar of Ru.
  1905 | D:3      | Reached ** piety under Lugonu
  2110 | D:3      | Noticed Sigmund
  2119 | D:3      | Slain by Sigmund

Skill      XL: |  1  2  3 |
---------------+----------+-----
Invocations    | 2 |  2.7
Fighting       | 4 |  4.7
Axes           | 3 |  3.4
Armour         | 3 |  3.6
Dodging        | |  1.5

Action                   |  1- 3 |  4- 6 || total
-------------------------+-------+-------++-------
Melee: Hand axe          |    67 |    56 ||   123
       Headbutt          |     4 |     8 ||    12
Invok: Depart the Abyss  |     1 |       ||     1
  Use: Scroll            |     7 |     3 ||    10
 Stab: Invisible         |       |     1 ||     1
  Eat: Chunk             |     1 |     3 ||     4
Armor: Leather armour    |     9 |       ||     9
       Scale mail        |    18 |    25 ||    43
Dodge: Dodged            |    51 |    38 ||    89
